 Dungeon Crawl Stone Soup version 0.19.4-9-g45fd643 (webtiles) character file.

9277 Gargoyl the Cleaver (level 11, -8/95 HPs)
             Began as a Ghoul Abyssal Knight on Feb 16, 2017.
             Was a High Priest of Lugonu.
             Mangled by an ice beast (14 damage)
             ... on level 10 of the Dungeon.
             The game lasted 00:25:44 (10808 turns).

Gargoyl the Cleaver (Ghoul Abyssal Knight)         Turns: 10808, Time: 00:25:46

Health: -8/95      AC: 21    Str: 22    XL:     11   Next: 44%
Magic:  14/14      EV:  6    Int: 11    God:    Lugonu [*****.]
Gold:   333        SH: 15    Dex: 18    Spells: 0 memorised, 10 levels left

rFire  . . .     SeeInvis .     k - +0 war axe
rCold  . . .     Gourm    .     f - +3 chain mail
rNeg   + + +     Faith    .     I - +0 large shield
rPois  ∞         Spirit   .     q - +1 helmet
rElec  .         Reflect  .     C - +2 cloak
rCorr  .         Harm     .     (no gloves)
MR     +....                    D - +0 pair of boots
Stlth  ..........               F - amulet "Hisotwo" {RegenMP rC- MR+ Int+4 Dex+7}
                                (no ring)
                                G - +5 ring of strength

@: rotting
A: rotting body, claws 1, carnivore 3, cold resistance 1, negative energy
resistance 3, slow regeneration 1, torment resistance, unbreathing
a: Depart the Abyss, Bend Space, Banish, Corrupt, Enter the Abyss, Renounce
Religion


You were on level 10 of the Dungeon.
You worshipped Lugonu.
Lugonu was extremely pleased with you.
You were not hungry.

You visited 1 branch of the dungeon, and saw 10 of its levels.
You visited the Abyss 1 time.

You collected 482 gold pieces.
You spent 149 gold pieces at shops.

Inventory:

Hand Weapons
 a - a +2 hand axe
 k - a +0 war axe (weapon)
 t - a +1 trident of protection
Missiles
 m - 9 tomahawks (quivered)
Armour
 f - a +3 chain mail (worn)
 q - a +1 helmet (worn)
 C - a +2 cloak (worn)
 D - a +0 pair of boots (worn)
 I - a +0 large shield (worn)
Jewellery
 F - the amulet "Hisotwo" (around neck) {RegenMP rC- MR+ Int+4 Dex+7}
   (You took it off an orc on level 5 of the Dungeon)

   [amulet of magic regeneration]

   It increases your magic regeneration.
   It affects your intelligence (+4).
   It affects your dexterity (+7).
   It makes you vulnerable to cold.
   It affects your resistance to hostile enchantments.
 G - a +5 ring of strength (left claw)
Wands
 p - a wand of random effects (6/48)
 y - a wand of paralysis (6/24)
Scrolls
 e - 8 scrolls of teleportation
 g - 3 scrolls of remove curse
 h - a scroll of blinking
 j - a scroll of identify
 r - a scroll of fear
 K - a scroll of amnesia
Potions
 b - 2 potions of flight
 d - a potion of berserk rage
 l - 2 potions of ambrosia
 o - 2 potions of invisibility
 s - a potion of heal wounds
 u - 2 potions of cure mutation
 w - 2 potions of brilliance
 x - a potion of curing
 A - 3 potions of magic
 B - a potion of mutation
 E - a potion of haste
 H - a potion of resistance
 J - a potion of might
Books
 n - a book of Minor Magic

   Spells                             Type                      Level
   a - Magic Dart                     Conjuration                  1
   b - Blink                          Translocation                2
   c - Call Imp                       Summoning                    2
   d - Repel Missiles                 Charms/Air                   2
   e - Slow                           Hexes                        2
   f - Conjure Flame                  Conjuration/Fire             3
   g - Mephitic Cloud                 Conjuration/Poison/Air       3
Comestibles
 c - 7 meat rations
 i - a beef jerky
 v - a slice of pizza
 z - 12 royal jellies


   Skills:
 + Level 8.3 Fighting
 + Level 10.0 Axes
 * Level 8.1 Armour
 + Level 3.0 Dodging
 - Level 0.5 Stealth
 + Level 5.0 Shields
 * Level 6.2 Invocations


You had 10 spell levels left.
You didn't know any spells.

Dungeon Overview and Level Annotations

Branches:
Dungeon (10/15)            Temple (0/1) D:6
   Lair: D:8-11         Orc: D:9-12

Altars:
Ashenzari
Dithmenos
Kikubaaqudgha
Okawaru
Qazlal
Ru
Xom

Shops:
D:4 (*(?(   D:8 [


Innate Abilities, Weirdness & Mutations

Your body is rotting away.
You thrive on raw meat.
You are immune to poison.
You have sharp fingernails.
You are carnivorous and can eat meat at any time.
Your flesh is cold resistant. (rC+)
You are immune to negative energy. (rN+++)
You regenerate slowly when monsters are visible.
You are immune to unholy pain and torment.
You can survive without breathing.


Message History

The troll is almost dead.
You hit the ice beast. You miss the killer bee.
The killer bee barely misses you. You block the troll's attack. x3
The ice beast hits you. The ice beast freezes you!
* * * LOW HITPOINT WARNING * * *
The killer bee stings you but does no damage.
Unknown command.
You closely miss the troll.
The troll is almost dead.
You closely miss the ice beast. You barely miss the killer bee.
The killer bee stings you.
* * * LOW HITPOINT WARNING * * *
You block the troll's attack. The troll claws you!
* * * LOW HITPOINT WARNING * * *
You block the troll's attack. The ice beast completely misses you.
The killer bee stings you but does no damage.
The ice beast hits you.
* * * LOW HITPOINT WARNING * * *
The ice beast freezes you!
You die...

##..........#... ...
#........#.......#.
#.........#######..
##.............####
#..###......#.....
#..##.............
###........###......
#.YyT....### #..)...
#..@.....# ##.....
#........# #.....
#........# #.....
########## #.<...
#..... #..... #.....
######


You could see a troll, an ice beast and a killer bee.

Vanquished Creatures
  Erica (D:10)
  2 hill giants
  A centaur skeleton (D:10)
  A two-headed ogre (D:10)
  2 hippogriffs
  A hungry ghost (D:9)
  Menkaure (D:5)
  3 orc warriors
  7 sky beasts
  5 ice beasts
  A black bear (D:9)
  13 ogres
  A phantom (D:6)
  A necrophage (D:9)
  6 centaurs
  2 crocodiles
  Blork the orc (D:5)
  A gnoll sergeant (D:4)
  7 bullfrogs
  A wyvern skeleton (D:8)
  7 killer bees
  4 howler monkeys
  5 crimson imps
  A centaur zombie (D:6)
  3 hounds
  10 jellies
  5 orc priests
  Crazy Yiuf (D:5)
  2 bullfrog skeletons
  2 bullfrog zombies
  4 gnoll shamans
  4 iguanas
  8 orc wizards
  5 worker ants
  A hound skeleton (D:4)
  A worker ant zombie (D:7)
  10 adders
  14 gnolls
  A shadow imp (D:8)
  5 oozes (D:9)
  3 adder skeletons
  2 worms (D:4)
  3 dart slugs
  3 leopard geckos
  35 orcs
  8 bats
  6 giant cockroaches
  5 goblins
  5 hobgoblins
  7 jackals
  5 quokkas
  2 ball pythons
  5 frilled lizards
  A jackal skeleton (D:4)
  8 kobolds
  A leopard gecko skeleton (D:7)
  A quokka skeleton (D:5)
  5 rats (D:1)
256 creatures vanquished.

Vanquished Creatures (collateral kills)
  An eye of draining (Abyss:2)
  A small abomination (Abyss:2)
2 creatures vanquished.

Vanquished Creatures (others)
  A hill giant (D:10)
  A crimson imp (D:7)
  4 fungi (D:8)
  A lurking horror (Abyss:3)
  2 plants (D:8)
9 creatures vanquished.

Grand Total: 267 creatures vanquished

Notes
Turn   | Place    | Note
-------+----------+-------------------------------------------
     0 | Abyss:1  | Gargoyl the Ghoul Abyssal Knight began the quest for the Orb.
     0 | Abyss:1  | Reached XP level 1. HP: 19/19 MP: 1/1
    32 | Abyss:2  | Noticed an eye of draining
    45 | Abyss:2  | Noticed a small abomination
    61 | Abyss:2  | Killed a small abomination
    61 | Abyss:2  | Reached skill level 2 in Axes
    61 | Abyss:2  | Reached XP level 2. HP: 26/26 MP: 0/2
    61 | Abyss:2  | Reached XP level 3. HP: 32/32 MP: 0/3
    72 | Abyss:2  | Killed an eye of draining
    72 | Abyss:2  | Reached skill level 5 in Fighting
    72 | Abyss:2  | Reached XP level 4. HP: 41/41 MP: 0/4
    76 | Abyss:2  | Noticed a large abomination
    86 | Abyss:3  | Noticed a satyr
    90 | D:1      | Escaped the Abyss
   559 | D:1      | Reached * piety under Lugonu
   886 | D:1      | Reached XP level 5. HP: 46/48 MP: 5/5
  1347 | D:2      | Found a faded altar of an unknown god.
  2004 | D:3      | Reached ** piety under Lugonu
  2006 | D:3      | Reached skill level 3 in Axes
  2332 | D:3      | Reached skill level 1 in Dodging
  2353 | D:3      | Reached XP level 6. HP: 32/56 MP: 6/6
  2628 | D:4      | Found Ufoul's General Store.
  2630 | D:4      | Found Aruz's Weapon Emporium.
  2657 | D:4      | Bought a +0 helmet for 58 gold pieces
  2712 | D:4      | Found Samigo's Magic Scroll Emporium.
  2717 | D:4      | Bought a scroll of teleportation for 42 gold pieces
  2768 | D:4      | Found Ocaugi Jodghe's Weapon Emporium.
  2836 | D:4      | Found a stormy altar of Qazlal.
  2899 | D:4      | Reached skill level 4 in Axes
  3268 | D:4      | Found Banlomel's Antique Weapon Emporium.
  3343 | D:4      | Found a shattered altar of Ashenzari.
  3390 | D:5      | Entered Level 5 of the Dungeon
  3394 | D:5      | Noticed Menkaure
  3407 | D:5      | Killed Menkaure
  3407 | D:5      | Reached XP level 7. HP: 23/61 MP: 7/7
  3593 | D:5      | Noticed a hill giant
  3770 | D:4      | Reached skill level 5 in Axes
  4000 | D:6      | Found a sacrificial altar of Ru.
  4054 | D:6      | Reached XP level 8. HP: 70/70 MP: 8/8
  4147 | D:6      | Reached skill level 6 in Axes
  4260 | D:6      | Found a staircase to the Ecumenical Temple.
  4332 | D:6      | Reached *** piety under Lugonu
  4491 | D:6      | Reached skill level 1 in Shields
  5239 | D:7      | Reached skill level 7 in Axes
  5666 | D:8      | Reached XP level 9. HP: 66/76 MP: 9/9
  5789 | D:7      | Reached skill level 5 in Armour
  6574 | D:8      | Reached skill level 8 in Axes
  6881 | D:8      | Found Tacko's Armour Emporium.
  6884 | D:8      | Bought a +0 pair of boots for 49 gold pieces
  7104 | D:8      | Reached XP level 10. HP: 86/86 MP: 11/11
  7287 | D:8      | Reached **** piety under Lugonu
  8120 | D:9      | Reached skill level 9 in Axes
  8402 | D:5      | Noticed Blork the orc
  8464 | D:5      | Killed Blork the orc
  8535 | D:5      | Killed a hill giant
  8542 | D:5      | Got a pitted ruby amulet
  8588 | D:5      | Identified the amulet "Hisotwo" {RegenMP rC- MR+ Int+4 Dex+7} (You took it off an orc on level 5 of the Dungeon)
  8715 | D:5      | Found a runed door.
  9016 | D:5      | Noticed Crazy Yiuf
  9023 | D:5      | Killed Crazy Yiuf
  9132 | D:9      | Reached skill level 5 in Invocations
  9414 | D:9      | Found an ancient bone altar of Kikubaaqudgha.
  9423 | D:9      | Found a shadowy altar of Dithmenos.
  9423 | D:9      | Found a shimmering altar of Xom.
  9493 | D:9      | Reached ***** piety under Lugonu
  9856 | D:9      | Reached XP level 11. HP: 94/94 MP: 12/14
 10123 | D:10     | Entered Level 10 of the Dungeon
 10128 | D:10     | Noticed a hill giant
 10137 | D:10     | Banished a hill giant
 10239 | D:10     | Found an iron altar of Okawaru.
 10296 | D:10     | Noticed a hill giant
 10320 | D:10     | Killed a hill giant
 10693 | D:10     | Noticed Erica
 10756 | D:10     | Killed Erica
 10756 | D:10     | Reached skill level 10 in Axes
 10756 | D:10     | Reached skill level 5 in Shields
 10808 | D:10     | Mangled by an ice beast

Skill      XL: |  1  2  3  4  5  6  7  8  9 10 11 |
---------------+----------------------------------+-----
Fighting       | 4 5 6 7 8 |  8.3
Axes           | 2 3 4 5 7 8 9 10 | 10.0
Armour         | 2 3 4 6 7 8 |  8.1
Dodging        | 1 2 3 |  3.0
Shields        | 1 3 4 5 |  5.0
Invocations    | 3 5 6 |  6.2
Stealth        | |  0.5

Action                   |  1- 3 |  4- 6 |  7- 9 | 10-12 || total
-------------------------+-------+-------+-------+-------++-------
Melee: Hand axe          |     7 |   179 |       |       ||   186
       War axe           |       |   111 |   453 |   539 ||  1103
Throw: Tomahawk          |       |       |       |     6 ||     6
Invok: Depart the Abyss  |       |     1 |       |       ||     1
       Banish            |       |       |     1 |     1 ||     2
  Use: Scroll            |     2 |    11 |     5 |    14 ||    32
       Potion            |       |       |     1 |     7 ||     8
  Eat: Chunk             |       |    27 |    52 |    74 ||   153
Armor: Chain mail        |       |   239 |   349 |   315 ||   903
       Leather armour    |       |     1 |       |       ||     1
Dodge: Dodged            |       |   116 |   133 |   120 ||   369
Block: Shield            |       |       |   151 |   156 ||   307
       Large shield      |       |       |       |   193 ||   193
